 Dungeon Crawl Stone Soup version 0.31.0-11-ge490571c62 (webtiles) character file.

Game seed: 14870296684137152653

36 SnakkuSnakku7 the Caller (level 3, -4/29 HPs)
             Began as a Ghoul Summoner on Jan 26, 2024.
             Slain by Terence
             ... wielding a +0 short sword of venom
              (7 damage)
             ... on level 2 of the Dungeon.
             The game lasted 00:01:12 (719 turns).

SnakkuSnakku7 the Caller (Ghoul Summoner)            Turns: 719, Time: 00:01:12

Health: -4/29      AC:  3    Str: 13    XL:     3   Next: 37%
Magic:  5/5        EV: 11    Int: 14    God:
Gold:   23         SH:  0    Dex:  9    Spells: 4/5 levels left

rFire   . .          .
                       - Unarmed
rCold   + . .        (no shield)
rNeg    + + +        c - +0 leather armour
rPois   ∞            (no helmet)
rElec   .            (no cloak)
rCorr   .            (no gloves)
SInv    .            (no boots)
Will    .....        (no amulet)
Stlth   +            (no ring)
HPRegen 0.00/turn    (no ring)
MPRegen 0.09/turn

%: no passive effects
@: inhibited regen
A: claws 1, cold resistance 1, negative energy resistance 3, inhibited
regeneration, torment resistance 2, devour on kill
a: no special abilities


You were on level 2 of the Dungeon.
You visited 1 branch of the dungeon, and saw 2 of its levels.

You collected 23 gold pieces.

Inventory:

Armour
 a - a +0 robe
 c - a +0 leather armour (worn)
Scrolls
 f - 2 scrolls of teleportation {unknown}
 g - a scroll of enchant weapon {unknown}
 h - a scroll of fear {unknown}
 i - a scroll of torment {unknown}
 j - a scroll of acquirement {unknown}
Potions
 b - a potion of magic
 d - a potion of might {unknown}
 e - a potion of degeneration {unknown}


   Skills:
 + Level 2.1 Fighting
 - Level 1.7 Dodging
 - Level 2.1 Stealth
 + Level 2.1 Unarmed Combat
 - Level 1.7 Spellcasting
 - Level 3.6 Summonings


You had 4 spell levels left.
You knew the following spells:

 Your Spells              Type           Power      Damage    Failure   Level
a - Summon Small Mammal   Summ           44%        N/A       7%          1

Your spell library contained the following spells:

 Spells                   Type           Power      Damage    Failure   Level
 Call Imp                 Summ           22%        N/A       11%         2
 Call Canine Familiar     Summ           11%        N/A       22%         3
 Apportation              Tloc           2%         N/A       30%         1
 Necrotise                Necr           4%         1d4       30%         1
 Sting                    Conj/Alch      4%         1d3       30%         1
 Summon Blazeheart Golem  Fire/Summ      6%         N/A       83%         4
 Summon Lightning Spire   Summ/Air       6%         N/A       83%         4


Dungeon Overview and Level Annotations

Branches:
Dungeon (2/15)

Altars:

Annotations:
D:2 Terence


Innate Abilities, Weirdness & Mutations

You are immune to poison.
You have sharp fingernails.
Your flesh is cold resistant. (rC+)
You are immune to negative energy. (rN+++)
You do not regenerate when monsters are visible.
You are immune to unholy pain and torment.
You thrive by killing the living.


Message History

Terence hits you with a +0 short sword of venom.
You barely miss Terence. Terence completely misses you.
You scratch Terence but do no damage.
Terence hits you with a +0 short sword of venom.
You scratch Terence but do no damage.
Terence hits you with a +0 short sword of venom.
You scratch Terence.
Terence is lightly wounded.
Terence hits you with a +0 short sword of venom!
You are too injured to fight recklessly!
You scratch Terence.
Terence is moderately wounded.
Terence hits you but does no damage.
You are too injured to fight recklessly!
You scratch Terence but do no damage.
Terence is moderately wounded.
Terence misses you.
You scratch Terence but do no damage. You claw Terence.
Terence is heavily wounded.
Terence hits you with a +0 short sword of venom.
* * * LOW HITPOINT WARNING * * *
You closely miss Terence.
Terence is heavily wounded.
Terence hits you with a +0 short sword of venom.
* * * LOW HITPOINT WARNING * * *
You scratch Terence but do no damage.
Terence is heavily wounded.
Terence closely misses you.
You scratch Terence but do no damage.
Terence is heavily wounded.
Terence closely misses you.
You scratch Terence but do no damage.
Terence is heavily wounded.
Terence hits you with a +0 short sword of venom.
* * * LOW HITPOINT WARNING * * *
You closely miss Terence.
Terence is heavily wounded.
Terence hits you with a +0 short sword of venom!
You die...
Terence says, "Rest in peace."

#.###.........^....#.
#.#...................
#.###..........####..#
#.#
#..........#####...
#.#
#..................
#.#
###########.#######
#.# ##..# #.#
##.>######## #.# #
#...@....... #.#
.....#..@....## #.#
..#####......## #.#
.... .......#
##.###...## ##..)...#
........... .......#
...<..##### #.......
......# #......##
......#


You could see Terence.

Vanquished Creatures
  4 dart slugs
  2 bats
  2 endoplasms (D:1)
  3 goblins (D:1)
  A hobgoblin (D:1)
  4 jackals (D:1)
  2 quokkas
  3 ball pythons
  A frilled lizard (D:1)
  2 kobolds (D:1)
  2 rats (D:1)
26 creatures vanquished.

Vanquished Creatures (others)
  A goblin (D:1)
1 creature vanquished.

Grand Total: 27 creatures vanquished

Notes
Turn   | Place    | Note
-------+----------+-------------------------------------------
     0 | D:1      | SnakkuSnakku7 the Ghoul Summoner began the quest for the
                  | Orb.
     0 | D:1      | Reached XP level 1. HP: 14/14 MP: 3/3
   118 | D:1      | Reached skill level 1 in Fighting
   118 | D:1      | Reached skill level 1 in Unarmed Combat
   118 | D:1      | Reached XP level 2. HP: 23/23 MP: 4/4
   350 | D:1      | Reached XP level 3. HP: 19/29 MP: 5/5
   703 | D:2      | Noticed Terence
   719 | D:2      | Slain by Terence

Illustrated notes

Levels and vault maps discovered:
D:1:      lemuel_arrival_broad_hall, layout_rooms, st_stairs_11
D:2:      layout_rooms, uniq_terence, uniq_robin, uniq_sigmund

Skill      XL: |  1  2  3 |
---------------+----------+-----
Fighting       | 1 2 |  2.1
Unarmed Combat | 1 2 |  2.1
Dodging        | |  1.7
Stealth        | |  2.1
Spellcasting   | |  1.7
Summonings     | |  3.6

Action                     || total
---------------------------++-------
  Melee: Unarmed           ||    98
         Punch             ||     2
   Stab: Sleeping          ||     1
 Armour: Leather armour    ||    65
  Dodge: Dodged            ||    60
